 Dungeon Crawl Stone Soup version 0.23.1-37-gaa34b87b72 (webtiles) character file.

Game seed: 11525475823410117165

102291 Peloso the Peltast (level 15, -2/136 HPs)
             Began as a Minotaur Fighter on Mar 24, 2019.
             Was the Champion of Okawaru.
             Slain by a frost giant
             ... wielding a +0 battleaxe of freezing
              (6 damage)
             ... on level 15 of the Dungeon.
             The game lasted 01:46:28 (35042 turns).

Peloso the Peltast (Minotaur Fighter)              Turns: 35042, Time: 01:46:28

Health: -2/136     AC: 36    Str: 27    XL:     15   Next: 85%
Magic:  0/15       EV:  7    Int:  5    God:    Okawaru [******]
Gold:   2468       SH: 24    Dex: 17    Spells: 14/14 levels left

rFire    + + .     SeeInvis +   a - +8 demon blade "Bloodbane" {slice, *Rage +Rage Stlth-}
rCold    . . .     Gourm    .   c - +0 large shield of Selatin {Str+3} (curse)
rNeg     . . .     Faith    .   s - +2 crystal plate armour
rPois    .         Spirit   +   K - +2 hat {SInv}
rElec    .         Reflect  .   P - +1 cloak {rF+}
rCorr    .         Harm     .   j - +3 pair of gauntlets of War {Slay+5}
MR       +....     Rnd*Rage +   i - +0 pair of boots {Stlth+}
Stlth    ..........             J - amulet of guardian spirit
HPRegen  0.32/turn              v - ring of protection from fire
MPRegen  0.14/turn              t - +4 ring of dexterity

@: no status effects
A: retaliatory headbutt, horns 2
a: Heroism, Finesse, Renounce Religion, Evoke Berserk Rage


You were on level 15 of the Dungeon.
You worshipped Okawaru.
Okawaru was exalted by your worship.
You were not hungry.

You visited 3 branches of the dungeon, and saw 23 of its levels.
You also visited: Ice Cave and Volcano.

You collected 2629 gold pieces.
You spent 161 gold pieces at shops.

Inventory:

Hand Weapons
 a - the +8 demon blade "Bloodbane" (weapon) {slice, *Rage +Rage Stlth-}
   (Okawaru gifted it to you on level 5 of the Lair of Beasts)

   It inflicts extra damage upon your enemies.
   It lets you go berserk.
   It may make you go berserk in combat.
   It makes you less stealthy.
 b - the +7 scimitar "Zahub" {slice, rPois}
   (You took it off an orc on level 10 of the Dungeon)

   It inflicts extra damage upon your enemies.
   It protects you from poison.
 g - a +3 scimitar of flaming
 B - the +5 falchion "Dipaocihai" {antimagic, rF- MR++ Dex+2}
   (Okawaru gifted it to you on level 14 of the Dungeon)

   It reduces the magical energy of the wielder, and disrupts the spells and
   magical abilities of those hit.
   Natural abilities and divine invocations are not affected.
   It affects your dexterity (+2).
   It makes you vulnerable to fire.
   It affects your resistance to hostile enchantments.
 M - a +6 falchion of venom
Armour
 c - the cursed +0 large shield of Selatin (worn) {Str+3}
   (You found it on level 14 of the Dungeon)

   It affects your strength (+3).
   It has a curse placed upon it.
 i - a +0 pair of boots of stealth (worn)
 j - the +3 pair of gauntlets of War (worn) {Slay+5}
   (You found it on level 2 of the Lair of Beasts)

   It affects your accuracy and damage with ranged weapons and melee attacks
   (+5).
 s - a +2 crystal plate armour (worn)
 F - a +2 shield of protection
 K - a +2 hat of see invisible (worn)
 N - a +0 cloak
 P - a +1 cloak of fire resistance (worn)
 Q - the +0 pair of gloves "Cintul" {+Fly Str+3}
   (Okawaru gifted it to you on level 2 of the Orcish Mines)

   It affects your strength (+3).
   It lets you fly.
Jewellery
 t - a +4 ring of dexterity (right hand)
 v - a ring of protection from fire (left hand)
 J - an amulet of guardian spirit (around neck)
 T - an uncursed ring of protection from cold
Wands
 o - a wand of disintegration (26)
 r - a wand of random effects (12)
 u - a wand of enslavement (14)
 x - a wand of flame (50)
 E - a wand of iceblast (16)
 L - a wand of paralysis (6)
Scrolls
 e - 2 scrolls of blinking
 l - 2 scrolls of teleportation
 n - a scroll of enchant weapon
 y - a scroll of identify
 z - 2 scrolls of fog
 D - a scroll of summoning {unknown}
 G - 11 scrolls of remove curse
 H - a scroll of vulnerability {unknown}
 I - 3 scrolls of fear
 O - a scroll of noise
 S - a scroll of amnesia
Potions
 d - a potion of cancellation
 k - 3 potions of haste
 m - 4 potions of invisibility
 p - 3 potions of resistance
 q - 3 potions of flight
 w - 2 potions of mutation
 A - 2 potions of agility
 C - 4 potions of heal wounds
 R - 5 potions of curing
 U - a potion of ambrosia
Miscellaneous
 h - a lightning rod (4/4)
Comestibles
 f - 23 rations


   Skills:
 + Level 13.6 Fighting
 + Level 16.4 Long Blades
 + Level 15.5 Armour
 + Level 3.9 Dodging
 + Level 0.9 Stealth
 + Level 19.3 Shields
 + Level 2.3 Invocations
 + Level 2.2 Evocations


You had 14 spell levels left.
You didn't know any spells.
Your spell library contained the following spells:

 Spells                   Type           Power        Failure   Level  Hunger
 Magic Dart               Conj           #...         100%        1    ##.....
 Summon Small Mammal      Summ           #...         100%        1    ##.....
 Blink                    Tloc           N/A          100%        2    ###....
 Call Imp                 Summ           #.......     100%        2    ###....
 Ensorcelled Hibernation  Hex/Ice        #.....       100%        2    ###....
 Slow                     Hex            #.......     100%        2    ###....
 Throw Frost              Conj/Ice       #.....       100%        2    ###....
 Call Canine Familiar     Summ           #.......     100%        3    ####...
 Conjure Flame            Conj/Fire      #.......     100%        3    ####...
 Mephitic Cloud           Conj/Pois/Air  #.......     100%        3    ####...
 Summon Guardian Golem    Hex/Summ       #.......     100%        3    ####...
 Ice Form                 Ice/Tmut       #.......     100%        4    #####..
 Summon Ice Beast         Ice/Summ       #.......     100%        4    #####..
 Summon Lightning Spire   Summ/Air       #.......     100%        4    #####..
 Metabolic Englaciation   Hex/Ice        #.........   100%        5    ######.
 Bolt of Cold             Conj/Ice       #.........   100%        6    #######
 Freezing Cloud           Conj/Ice/Air   #.........   100%        6    #######
 Ozocubu's Refrigeration  Ice            #.........   100%        6    #######
 Simulacrum               Ice/Necr       #.........   100%        6    #######


Dungeon Overview and Level Annotations

Branches:
Dungeon (15/15)            Temple (0/1) D:5            Lair (6/6) D:11
 Shoals (0/4) Lair:2       Spider (0/4) Lair:4        Slime (0/5) Lair:6
    Orc (2/2) D:11            Elf (0/3) Orc:2        Vaults (0/5) D:14
 Depths (0/5) D:15

Altars:
Cheibriados
Elyvilon
Fedhas
Makhleb
Okawaru
Qazlal
Sif Muna
Trog
Uskayaw
Vehumet
Xom
Yredelemnul
Zin
The Shining One

Shops:
D:5 (   D:9 (   D:10 (   D:12 %   Orc:1 [   Orc:2 %%*(

Annotations:
D:3 1 runed translucent door, Forgol's ghost, amateur DsFi
D:9 1 runed translucent door, tjackatt's ghost, novice NaGl


Innate Abilities, Weirdness & Mutations

You reflexively headbutt those who attack you in melee.
You have a pair of horns on your head.


Message History

The frost giant shouts!
The frost giant points at you and mumbles some strange words.
The bolt of cold hits you!
Found a staircase to the Depths.
The frost giant casts a spell at you. The bolt of cold hits you!!!
There is an open door here.
The frost giant points at you and mumbles some strange words.
The bolt of cold hits you!!!
You slice the frost giant!! Your headbutt misses the frost giant.
The frost giant is moderately wounded.
The frost giant points at you and mumbles some strange words.
The bolt of cold hits you!!!
* * * LOW HITPOINT WARNING * * *
You hit the frost giant. You headbutt the frost giant.
The frost giant is moderately wounded.
You slash the frost giant! You headbutt the frost giant!
The frost giant is heavily wounded.
The frost giant hits you with a +0 battleaxe of freezing.
You die...

............#....#......# ###.
............#....#......# #(
######......'....#.....## #)
#....####...#....#.....# #)
#.......#...#....#.....# #.
#.......#...######.....# #.
#.......#.......†......#########.
#.......#..#########.............
#.......#..# +..@'.#.............
#+####'##..# #.C.#)#...........##
...........#.#...#.#....######.#.
###........#.#####.#....# #.#.
#........#.≈...≈(#....# #.#.
#........#.≈...≈.#....# #.'.
#........#.≈.≈.≈(#....# #.#.
#........#.#.#.#(#....# #.##
#........#≈..#..≈#....# #...


You could see a frost giant.

Vanquished Creatures
  Rupert (D:14)
  Agnes (D:14)
  A frost giant (IceCv)
  A stone giant (Orc:2)
  A red draconian (Volcano)
  Snorg (D:11)
  A rakshasa (D:15)
  Harold (D:7)
  7 hydras
  2 catoblepae
  Erica (D:8)
  2 centaur warriors
  17 two-headed ogres
  4 ogre magi (Orc:2)
  An orc high priest (Orc:1)
  A deep troll shaman (Lair:6)
  12 death yaks
  4 tengu warriors (D:15)
  The ghost of Meegle the Thaumaturge, a novice DEFE of Vehumet (Lair:3)
  A salamander mystic (Volcano)
  3 unseen horrors
  Pikel (D:6)
  An obsidian statue (D:13)
  A necromancer (Lair:4)
  4 oklob plants
  A wolf spider (Lair:4)
  A salamander (shapeshifter) (D:13)
  A wolf spider zombie (D:15)
  11 ugly things
  5 salamanders (Volcano)
  2 cyclopes
  A manticore (D:14)
  6 elephants
  A merfolk siren (Lair:2)
  3 black mambas
  An ice statue (IceCv)
  3 centaur zombies
  3 gargoyles
  6 spiny frogs
  2 komodo dragons
  8 rime drakes
  7 trolls
  A yaktaur (D:15)
  3 tengu conjurers
  A hornet (D:15)
  13 polar bears
  3 jumping spiders (Lair:4)
  4 slime creatures (D:13)
  3 merfolk (Lair:2)
  A wind drake (shapeshifter) (D:14)
  3 blink frogs (Lair:4)
  A spectral black mamba (Lair:3)
  A spriggan (D:10)
  3 wraiths
  11 hippogriffs
  2 shadows
  3 wyverns
  3 vampires (D:13)
  11 humans (D:14)
  A spectral komodo dragon (Lair:3)
  2 basilisks
  30 yaks
  A death yak simulacrum (Lair:3)
  5 fire bats (Volcano)
  Menkaure (D:4)
  4 hungry ghosts
  8 wargs
  A soldier ant (D:14)
  An acid dragon (D:12)
  6 water moccasins
  A spectral spiny frog (Lair:3)
  6 porcupines
  Duvessa (D:7)
  4 ice beasts
  4 black bears
  13 orc warriors
  8 phantoms
  5 sky beasts
  2 eyes of draining
  A hornet zombie (D:15)
  29 ogres
  20 wolves
  8 crocodiles
  14 centaurs
  3 big kobolds
  18 bullfrogs
  A wyvern zombie (D:9)
  A wyvern skeleton (D:14)
  Dowan (D:7)
  4 scorpions
  4 killer bees
  4 electric eels
  4 wights (D:8)
  4 howler monkeys
  6 lava snakes
  3 crimson imps
  3 bullfrog zombies
  4 jellies
  3 quasits
  2 bullfrog skeletons
  7 hounds
  12 orc priests
  6 centaur skeletons
  Jessica (D:15)
  Natasha (twice) (D:3)
  3 iguanas
  22 orc wizards
  11 worker ants
  3 polar bear simulacra (Lair:4)
  2 yak simulacra (Lair:4)
  4 wolf simulacra (Lair:4)
  A killer bee zombie (D:9)
  A hound skeleton (D:8)
  A howler monkey zombie (D:5)
  2 worker ant zombies
  A howler monkey skeleton (D:6)
  17 adders
  5 shadow imps
  3 oozes
  2 adder skeletons
  5 worms
  3 dart slugs
  6 leopard geckos
  61 orcs
  5 giant cockroaches
  8 goblins
  8 hobgoblins
  13 jackals
  24 kobolds
  6 quokkas
  8 bats
  2 frilled lizards
  A quokka zombie (D:5)
  12 rats
  2 river rat simulacra (Lair:4)
  A bush (Lair:3)
  A fungus (Lair:5)
713 creatures vanquished.

Vanquished Creatures (others)
  An unseen horror (D:14)
  A polar bear (IceCv)
  A human (D:14)
  3 slaves (D:6)
  5 wolves (IceCv)
  A hound (D:6)
  An orc (D:6)
  2 fungi
15 creatures vanquished.

Grand Total: 728 creatures vanquished

Notes
Turn   | Place    | Note
-------+----------+-------------------------------------------
     0 | D:1      | Peloso the Minotaur Fighter began the quest for the Orb.
     0 | D:1      | Reached XP level 1. HP: 19/19 MP: 0/0
    69 | D:1      | Reached XP level 2. HP: 27/27 MP: 1/1
   244 | D:1      | Found an iron altar of Okawaru.
   250 | D:1      | Reached skill level 4 in Shields
   256 | D:1      | Became a worshipper of Warmaster Okawaru
   359 | D:1      | Reached XP level 3. HP: 33/33 MP: 2/2
   781 | D:2      | Reached XP level 4. HP: 39/40 MP: 3/3
  1354 | D:3      | Found a bloodstained altar of Trog.
  1442 | D:3      | Reached XP level 5. HP: 45/46 MP: 4/4
  1520 | D:3      | Reached skill level 5 in Shields
  1601 | D:3      | Noticed Natasha
  1611 | D:3      | Killed Natasha
  1611 | D:3      | Reached skill level 1 in Dodging
  1657 | D:3      | Found a runed translucent door.
  1657 | D:3      | Noticed Forgol's ghost (amateur DsFi)
  1803 | D:3      | Noticed Natasha
  1809 | D:3      | Killed Natasha
  1863 | D:4      | Got a translucent dagger
  1913 | D:4      | Noticed an ogre
  1916 | D:4      | Killed an ogre
  1916 | D:4      | Reached * piety under Okawaru
  1916 | D:4      | Reached XP level 6. HP: 53/53 MP: 5/5
  1973 | D:4      | Reached skill level 5 in Armour
  2035 | D:4      | Reached skill level 6 in Shields
  2101 | D:4      | Reached skill level 5 in Long Blades
  2122 | D:4      | Noticed Menkaure
  2125 | D:4      | Killed Menkaure
  2125 | D:4      | Reached XP level 7. HP: 60/60 MP: 6/6
  2230 | D:5      | Entered Level 5 of the Dungeon
  2442 | D:5      | Found Mamuus's Antique Weapon Emporium.
  2758 | D:5      | Found a staircase to the Ecumenical Temple.
  3078 | D:5      | Found a shimmering altar of Xom.
  3413 | D:6      | Found a stormy altar of Qazlal.
  3413 | D:6      | Found a snail-covered altar of Cheibriados.
  3415 | D:6      | Found a burning altar of Makhleb.
  3435 | D:6      | Reached ** piety under Okawaru
  3435 | D:6      | Reached skill level 5 in Fighting
  3435 | D:6      | Reached skill level 7 in Shields
  3439 | D:6      | Found a glowing silver altar of Zin.
  3441 | D:6      | Found a basalt altar of Yredelemnul.
  3441 | D:6      | Found a hide-covered altar of Uskayaw.
  3441 | D:6      | Found a shimmering altar of Xom.
  3443 | D:6      | Found a blossoming altar of Fedhas.
  3444 | D:6      | Found a white marble altar of Elyvilon.
  3445 | D:6      | Found a glowing golden altar of the Shining One.
  3446 | D:6      | Found an iron altar of Okawaru.
  3513 | D:6      | Noticed Pikel
  3541 | D:6      | Killed Pikel
  3541 | D:6      | Reached XP level 8. HP: 23/69 MP: 4/7
  4136 | D:6      | Reached *** piety under Okawaru
  4214 | D:6      | Reached XP level 9. HP: 72/75 MP: 8/8
  4504 | D:7      | Reached skill level 8 in Shields
  4643 | D:7      | Noticed Dowan
  4645 | D:7      | Noticed Duvessa
  4649 | D:7      | Killed Dowan
  4655 | D:7      | Killed Duvessa
  4708 | D:7      | Noticed Harold
  4726 | D:7      | Killed Harold
  4726 | D:7      | Reached **** piety under Okawaru
  4726 | D:7      | Reached skill level 9 in Shields
  5021 | D:7      | Reached skill level 10 in Long Blades
  5662 | D:8      | Reached XP level 10. HP: 71/84 MP: 6/9
  5716 | D:8      | Noticed Erica
  5750 | D:8      | Killed Erica
  5750 | D:8      | Reached skill level 10 in Shields
  5750 | D:8      | Reached skill level 1 in Invocations
  6939 | D:9      | Found a runed translucent door.
  6939 | D:9      | Noticed tjackatt's ghost (novice NaGl)
  7582 | D:9      | Found Tiepohoss's Antique Weapon Boutique.
  8745 | D:10     | Entered Level 10 of the Dungeon
  9035 | D:10     | Reached skill level 11 in Shields
  9065 | D:10     | Got a shimmering short sword
  9349 | D:10     | Reached skill level 10 in Armour
  9444 | D:10     | Found Xoirchyvi's Weapon Boutique.
  9718 | D:10     | Reached ***** piety under Okawaru
  9830 | D:11     | Reached XP level 11. HP: 75/92 MP: 11/11
 10440 | D:11     | Noticed a four-headed hydra
 10475 | D:11     | Noticed Snorg
 10501 | D:11     | Killed Snorg
 10501 | D:11     | Reached skill level 12 in Shields
 11178 | D:11     | Identified the +7 scimitar "Zahub" {slice, rPois}
 11995 | D:11     | Noticed a six-headed hydra
 12835 | D:11     | Killed a six-headed hydra
 12850 | D:11     | Killed a four-headed hydra
 12850 | D:11     | Received a gift from Okawaru
 12850 | D:11     | Reached skill level 13 in Shields
 12880 | D:11     | Found a staircase to the Orcish Mines.
 13419 | D:11     | Found a staircase to the Lair.
 13546 | Lair:1   | Entered Level 1 of the Lair of Beasts
 13809 | Lair:1   | Received a gift from Okawaru
 13809 | Lair:1   | Reached skill level 1 in Evocations
 14854 | Lair:2   | Found a frozen archway.
 14858 | IceCv    | Entered an ice cave
 14921 | IceCv    | Reached XP level 12. HP: 33/103 MP: 12/12
 15457 | IceCv    | Noticed a death yak
 15457 | IceCv    | Noticed a death yak
 15501 | IceCv    | Received a gift from Okawaru
 15859 | IceCv    | Killed a death yak
 15859 | IceCv    | Reached skill level 14 in Shields
 15889 | IceCv    | Killed a death yak
 16559 | IceCv    | Noticed a frost giant
 16591 | IceCv    | Killed a frost giant
 16861 | IceCv    | Identified the Incunabulum of the Toadstool
 18064 | Lair:2   | Identified a scroll of acquirement
 18073 | Lair:2   | Identified the +6 short sword "Giantslayer" {venom, rPois
                  | Str+6} (You found it on level 10 of the Dungeon)
 21442 | Lair:1   | Identified the +1 dagger of the Grave {flame, rPois Str-4
                  | Int+8 Dex+2} (You found it on level 4 of the Dungeon)
 21730 | Lair:2   | Received a gift from Okawaru
 21745 | Lair:2   | Found the +3 pair of gauntlets of War {Slay+5}
 21874 | Lair:2   | Found a staircase to the Shoals.
 21892 | Lair:2   | Reached skill level 10 in Fighting
 22501 | Lair:3   | Got a bloodstained long sword
 22502 | Lair:3   | Identified the +8 long sword of Infinite Pain {antimagic,
                  | *Slow Int+7 Dex+4} (You found it on level 3 of the Lair of
                  | Beasts)
 22544 | Lair:3   | Found a runed translucent gate.
 22544 | Lair:3   | Found a runed translucent gate.
 22544 | Lair:3   | Found a runed translucent gate.
 22546 | Lair:3   | Noticed Meegle's ghost (novice DEFE)
 22607 | Lair:3   | Killed Meegle's ghost
 22607 | Lair:3   | Reached XP level 13. HP: 92/113 MP: 11/13
 22739 | Lair:3   | Reached skill level 15 in Shields
 24243 | Lair:4   | Found a hole to the Spider Nest.
 24760 | Lair:5   | Reached ****** piety under Okawaru
 24760 | Lair:5   | Received a gift from Okawaru
 24761 | Lair:5   | Found the +8 demon blade "Bloodbane" {slice, *Rage +Rage
                  | Stlth-}
 25755 | Lair:6   | Entered Level 6 of the Lair of Beasts
 25770 | Lair:6   | Found a staircase to the Slime Pits.
 26075 | Lair:6   | Reached skill level 16 in Shields
 26718 | Lair:6   | Reached XP level 14. HP: 97/124 MP: 14/14
 26726 | Lair:6   | Received a gift from Okawaru
 27397 | Lair:6   | Reached skill level 15 in Long Blades
 28107 | D:12     | Found Herupo's Food Boutique.
 29579 | D:13     | Found a radiant altar of Vehumet.
 29583 | D:13     | Reached skill level 17 in Shields
 30298 | D:14     | Noticed Rupert
 30311 | D:14     | Killed Rupert
 30322 | D:14     | Received a gift from Okawaru
 30326 | D:14     | Got a transparent falchion {god gift}
 30327 | D:14     | Identified the +5 falchion "Dipaocihai" {antimagic, rF-
                  | MR++ Dex+2} (Okawaru gifted it to you on level 14 of the
                  | Dungeon)
 30516 | D:14     | Noticed Agnes
 30528 | D:14     | Killed Agnes
 30572 | D:14     | Reached skill level 15 in Armour
 31010 | D:14     | Got a steaming large shield
 31016 | D:14     | Identified the cursed +0 large shield of Selatin {Str+3}
                  | (You found it on level 14 of the Dungeon)
 31017 | D:14     | Found a gate to the Vaults.
 31208 | D:14     | Reached XP level 15. HP: 127/134 MP: 5/15
 31677 | Orc:1    | Entered Level 1 of the Orcish Mines
 31915 | Orc:2    | Entered Level 2 of the Orcish Mines
 32001 | Orc:2    | Received a gift from Okawaru
 32065 | Orc:2    | Found a staircase to the Elven Halls.
 32096 | Orc:2    | Reached skill level 18 in Shields
 32148 | Orc:2    | Found a dark tunnel.
 32153 | Volcano  | Entered a volcano
 32354 | Volcano  | Received a gift from Okawaru
 32551 | Volcano  | Found a bloodstained altar of Trog.
 32577 | Volcano  | Found a radiant altar of Vehumet.
 33490 | Orc:2    | Received a gift from Okawaru
 33503 | Orc:2    | Got a pair of polished gloves {god gift}
 33514 | Orc:2    | Identified the +0 pair of gloves "Cintul" {+Fly Str+3}
                  | (Okawaru gifted it to you on level 2 of the Orcish Mines)
 33585 | Orc:2    | Found Dennir's Food Shop.
 33585 | Orc:2    | Found Bygreal's Antique Weapon Shoppe.
 33585 | Orc:2    | Found Biufub's Food Emporium.
 33585 | Orc:2    | Found Acsint's General Store.
 33593 | Orc:2    | Bought a scroll of amnesia for 49 gold pieces
 33593 | Orc:2    | Bought a potion of mutation for 112 gold pieces
 34154 | Orc:1    | Found Plog's Armour Shop.
 34276 | D:15     | Entered Level 15 of the Dungeon
 34293 | D:15     | Reached skill level 19 in Shields
 34941 | D:15     | Noticed Jessica
 34948 | D:15     | Killed Jessica
 34953 | D:15     | Found a deep blue altar of Sif Muna.
 35037 | D:15     | Found a staircase to the Depths.
 35037 | D:15     | Noticed a frost giant
 35040 | D:15     | HP: 3/136 [frost giant/bolt of cold (54)]
 35042 | D:15     | Slain by a frost giant

Skill      XL: |  1  2  3  4  5  6  7  8  9 10 11 12 13 14 15 |
---------------+----------------------------------------------+-----
Armour         | 4 5 7 8 10 11 12 14 15 | 15.5
Shields        | 4 5 6 7 9 11 13 14 16 17 19 | 19.3
Fighting       | 4 5 6 7 8 10 11 12 13 | 13.6
Long Blades    | 3 4 5 7 8 10 11 12 13 14 15 16 | 16.4
Dodging        | 1 2 3 |  3.9
Invocations    | 1 2 |  2.3
Evocations     | 1 2 |  2.2
Stealth        | |  0.9

Action                   |  1- 3 |  4- 6 |  7- 9 | 10-12 | 13-15 || total
-------------------------+-------+-------+-------+-------+-------++-------
Melee: Long sword        |    90 |   133 |   404 |  1437 |       ||  2064
       Headbutt          |    15 |    16 |    80 |   351 |   394 ||   856
       Scimitar          |       |       |       |    85 |   186 ||   271
       Demon blade       |       |       |       |       |   383 ||   383
       Falchion          |       |       |       |       |   538 ||   538
Invok: Heroism           |       |       |     6 |    29 |     3 ||    38
Evoke: Wand              |       |     3 |     2 |    10 |     5 ||    20
  Use: Scroll            |       |     9 |     2 |    15 |     8 ||    34
       Potion            |       |       |     2 |    12 |     3 ||    17
  Eat: Chunk             |       |     4 |    12 |    30 |    31 ||    77
       Ration            |       |       |       |     9 |     3 ||    12
Armor: Scale mail        |    65 |    70 |     5 |       |       ||   140
       Chain mail        |       |       |   137 |   151 |       ||   288
       Plate armour      |       |       |       |   330 |       ||   330
       Crystal plate arm |       |       |       |   175 |   485 ||   660
Dodge: Dodged            |    44 |    62 |    81 |   396 |   183 ||   766
Block: Shield            |    65 |    91 |   240 |  1122 |   358 ||  1876
       Large shield      |       |       |       |       |   626 ||   626
       Rpst.: Long sword |    11 |    12 |    23 |    85 |       ||   131
       Scimitar          |       |       |       |     1 |     2 ||     3
       Demon blade       |       |       |       |       |    10 ||    10
       Falchion          |       |       |       |       |    18 ||    18
